[Event "*** MasterClass Titled Tuesday Blitz"]
[Site "Chess.com"]
[Date "2017.09.05"]
[Round "9"]
[White "NTBT_DHS"]
[Black "AndrewMcStone"]
[Result "1-0"]
[WhiteElo "2494"]
[BlackElo "2047"]
[TimeControl "180+2"]
[EndTime "15:09:50 PDT"]
[Termination "NTBT_DHS won on time"]

1. g3 f5 2. Bg2 Nf6 3. Nc3 e6 4. h4 Be7 5. h5 Nc6 6. d4 d6 7. e4 fxe4 8. Nxe4 d5 9. Ng5 h6 10. N5f3 O-O 11. Nh4 Ne4 12. Bxe4 dxe4 13. Be3 Bg5 14.
Ng6 Rf7 15. Nh3 Bxe3 16. fxe3 e5 17. dxe5 Bxh3 18. Qxd8+ Rxd8 19. Rxh3 Rf3 20. Ke2 Re8 21. Rh4 Rxg3 22. Rf1 Nxe5 23. Rxe4 Rg5 24. Nf4 Rf8 25. Rd1 Nc6 26. Rd7 Rg3 27. b4 Rc8 28. b5 Na5 29.
Ree7 b6 30. Ng6 Rg2+ 31. Kf3 Rxg6 32. hxg6 Rf8+ 33. Ke2 Rf6 34. Rxg7+ 1-0

[Event "*** MasterClass Titled Tuesday Blitz"]
[Site "Chess.com"]
[Date "2017.09.05"]
[Round "9"]
[White "Alex_Molchanov"]
[Black "Grebeniuk-S"]
[Result "0-1"]
[WhiteElo "2490"]
[BlackElo "2425"]
[TimeControl "180+2"]
[EndTime "15:09:54 PDT"]
[Termination "Grebeniuk-S won by resignation"]

1. c4 f5 2. g3 Nf6 3. Bg2 g6 4. Nc3 Bg7 5. d3 d6 6. e4 fxe4 7. dxe4 Nc6 8. Nge2 O-O 9. O-O Be6 10. Nd5 Bd7 11. Rb1 e6 12. Ne3 a5 13. b3 Qe7 14. Bb2 a4 15. b4 a3 16. Bc3 Ne5 17.
Bxe5 dxe5 18. c5 Ba4 19. Qc1 Bb5 20. Re1 Bd3 21. Rb3 Bxe4 22. Nc4 Bd5 23. Rxa3 Rxa3 24.
Nxa3 Bxa2 25. Nc3 Bd5 26. Rxe5 Bxg2 27. Kxg2 Ng4 28. Re2 Qf6 29. Nab1 Qf3+ 30. Kg1 Nxf2 31. Qf1 Bd4 0-1

[Event "*** MasterClass Titled Tuesday Blitz"]
[Site "Chess.com"]
[Date "2017.09.05"]
[Round "9"]
[White "Mistheoretical"]
[Black "Hafez_Bakr"]
[Result "1-0"]
[WhiteElo "2206"]
[BlackElo "1870"]
[TimeControl "180+2"]
[EndTime "15:09:59 PDT"]
[Termination "Mistheoretical won by resignation"]

1. d4 Nf6 2. Bg5 d5 3. Bxf6 exf6 4. e3 Bf5 5. Nc3 c6 6. Bd3 Bg6 7. Qf3 Bd6 8. O-O-O O-O 9. Nge2 b5 10. Nf4 Bxf4 11. Qxf4 a5 12. h4 Bxd3 13. cxd3 a4 14. Kb1 b4 15.
Ne2 Qe7 16. Rc1 Rc8 17. Ng3 Nd7 18. Nf5 Qe6 19. h5 c5 20. Qg4 g6 21. hxg6 hxg6 22. Qh3 1-0

[Event "*** MasterClass Titled Tuesday Blitz"]
[Site "Chess.com"]
[Date "2017.09.05"]
[Round "9"]
[White "johnathan113"]
[Black "Adham_Fawzy"]
[Result "1-0"]
[WhiteElo "2539"]
[BlackElo "2397"]
[TimeControl "180+2"]
[EndTime "15:10:03 PDT"]
[Termination "johnathan113 won on time"]

1. e4 c5 2. Nf3 Nc6 3. Nc3 d6 4. d4 cxd4 5. Nxd4 e5 6. Nb3 Be6 7. Be2 Nf6 8. Bg5 Be7 9. Qd3 O-O 10. O-O-O Qb6 11. Be3 Qc7 12. Nb5 Qd7 13. Nxd6 Nb4 14.
Qd2 Bxd6 15. Qxd6 Qa4 16. a3 Na2+ 17. Kb1 Nxe4 18. Qxe5 Bxb3 19. cxb3 Qxb3 20. Rd3 1-0

[Event "*** MasterClass Titled Tuesday Blitz"]
[Site "Chess.com"]
[Date "2017.09.05"]
[Round "9"]
[White "jlandaw"]
[Black "champ2005"]
[Result "0-1"]
[WhiteElo "2395"]
[BlackElo "2490"]
[TimeControl "180+2"]
[EndTime "15:10:12 PDT"]
[Termination "champ2005 won by resignation"]

1. e4 c6 2. Nf3 d5 3. Nc3 Nf6 4.
e5 Ne4 5. Ne2 Qb6 6. d4 e6 7.
Ng3 c5 8. c3 Nc6 9. Nxe4 dxe4 10. Ng5 cxd4 11. Nxe4 Nxe5 12. Qxd4 Qxd4 13. cxd4 Nc6 14.
Be3 Nb4 15. Bb5+ Bd7 16. Bxd7+ Kxd7 17. O-O b6 18. Nc3 Be7 19. f4 g6 20. Rae1 Bf6 21.
Re2 Rhe8 22. Ne4 Nd5 23. Nxf6+ Nxf6 24. Rc2 Rac8 25. Rfc1 Rxc2 26. Rxc2 Rc8 27. Rxc8 Kxc8 28. Kf2 Kd7 29. Kf3 Kc6 30. Bf2 Kd5 31. Bh4 Nd7 32. Kg4 h6 33. Bf2 Ke4 34. h4 f5+ 35.
Kg3 Nf6 36. Be1 Nh5+ 37. Kf2 Nxf4 38. Bb4 h5 39. Bd6 Nd3+ 40. Ke2 Nxb2 41. Bb8 a6 42. a3 Nc4 43. a4 b5 44. axb5 axb5 0-1

[Event "*** MasterClass Titled Tuesday Blitz"]
[Site "Chess.com"]
[Date "2017.09.05"]
[Round "9"]
[White "abubakrtagelsir"]
[Black "kikydu96"]
[Result "1-0"]
[WhiteElo "2244"]
[BlackElo "2320"]
[TimeControl "180+2"]
[EndTime "15:10:18 PDT"]
[Termination "abubakrtagelsir won by resignation"]

1. e4 c5 2. Nc3 a6 3. f4 b5 4. Nf3 Bb7 5. d3 e6 6. g3 b4 7.
Nb1 d5 8. Bg2 dxe4 9. Ng5 Nf6 10. O-O Nbd7 11. Nd2 Qb6 12. Nc4 Qc7 13. Nxe4 Nxe4 14.
dxe4 Be7 15. Re1 O-O 16. Qh5 Rad8 17. f5 Nf6 18. Qe2 exf5 19. Bf4 Qc8 20. exf5 Bxg2 21.
Qxg2 Rfe8 22. g4 h5 23. Nb6 1-0

[Event "*** MasterClass Titled Tuesday Blitz"]
[Site "Chess.com"]
[Date "2017.09.05"]
[Round "9"]
[White "biostatistician"]
[Black "Yaacovn"]
[Result "1-0"]
[WhiteElo "2446"]
[BlackElo "2608"]
[TimeControl "180+2"]
[EndTime "15:10:34 PDT"]
[Termination "biostatistician won by resignation"]

1. d4 Nf6 2. Nf3 e6 3. c4 Bb4+ 4. Nbd2 d5 5. a3 Be7 6. Qc2 c5 7. cxd5 cxd4 8. Nxd4 Nxd5 9. e4 Nb6 10. Bb5+ Bd7 11. O-O O-O 12. N2f3 Bxb5 13. Nxb5 Nc6 14.
Rd1 Qc8 15. Bf4 Ne5 16. Rac1 Qxc2 17. Rxc2 Nxf3+ 18. gxf3 a6 19. Nd6 Rfd8 20. Rc7 Nc8 21. e5 b5 22. Rd2 Bxd6 23. exd6 Nb6 24. d7 Nd5 25. Rxd5 exd5 26. Bd6 f6 27. Be7 Kf7 28. Bxd8 Rxd8 29. Kf1 Ke6 30. Ra7 Rxd7 31. Rxa6+ Ke5 32. Rb6 Kf4 33. Rxb5 Kxf3 34. Rb3+ Ke4 35. Ke2 d4 36. f3+ Kf4 37. Rb4 g5 38. a4 f5 39. a5 g4 40.
fxg4 fxg4 41. a6 Ke4 42. Ra4 h5 43. a7 1-0

[Event "*** MasterClass Titled Tuesday Blitz"]
[Site "Chess.com"]
[Date "2017.09.05"]
[Round "9"]
[White "XDPS"]
[Black "kleinebeer98"]
[Result "0-1"]
[WhiteElo "2581"]
[BlackElo "2493"]
[TimeControl "180+2"]
[EndTime "15:10:42 PDT"]
[Termination "kleinebeer98 won by resignation"]

1. d4 Nf6 2. Bf4 c5 3. e3 Qb6 4.
Nc3 Qxb2 5. Nge2 Qa3 6. Rb1 d6 7. Qd2 Nc6 8. Nb5 Qxa2 9. Nc7+ Kd8 10. Nc3 Ne4 11. Nxa2 Nxd2 12. Kxd2 Kxc7 13. dxc5 e5 14. cxd6+ Bxd6 15. Bg3 Be6 16. Nc3 a6 17. Bd3 h5 18. h4 Rhd8 19. Ne4 Be7 20. Ke2 f6 21. f4 Bg4+ 22. Kf2 b5 23. Nc3 Bc5 24. Ne4 Bb6 25. Rhe1 Kb7 26. fxe5 Nxe5 27. Bxe5 fxe5 28. Ng5 Rac8 29. Kg3 Rf8 30. Be4+ Ka7 31. Ra1 Rc3 32.
Bd3 e4 0-1

[Event "*** MasterClass Titled Tuesday Blitz"]
[Site "Chess.com"]
[Date "2017.09.05"]
[Round "9"]
[White "BartoszSocko"]
[Black "cheese111"]
[Result "1-0"]
[WhiteElo "2653"]
[BlackElo "2335"]
[TimeControl "180+2"]
[EndTime "15:10:56 PDT"]
[Termination "BartoszSocko won by resignation"]

1. e4 d5 2. exd5 Nf6 3. d4 Bg4 4. Be2 Bxe2 5. Nxe2 Qxd5 6. O-O Nc6 7. Be3 O-O-O 8.
Qc1 e6 9. c4 Qh5 10. Ng3 Qg6 11. Rd1 h5 12. h3 Bd6 13. Nf1 Qf5 14. Nc3 g5 15. d5 exd5 16. cxd5 Ne5 17. Qb1 Qd7 18.
Bxg5 Rdg8 19. h4 Nh7 20. Ne4 f6 21. f4 Nf3+ 22. gxf3 Bxf4 23. Kf2 fxg5 24. d6 gxh4 25. dxc7 Qxc7 26. Qd3 Qb6+ 27. Ke1 Rg2 28. Qc3+ Bc7 29.
Qxh8+ Bd8 30. Rac1+ Kb8 31. Qxd8+ 1-0

[Event "*** MasterClass Titled Tuesday Blitz"]
[Site "Chess.com"]
[Date "2017.09.05"]
[Round "9"]
[White "swayamsm"]
[Black "Fianchettoed-Tower"]
[Result "1-0"]
[WhiteElo "2514"]
[BlackElo "2383"]
[TimeControl "180+2"]
[EndTime "15:11:04 PDT"]
[Termination "swayamsm won by checkmate"]

1. d4 g6 2. c4 Bg7 3. e4 c5 4.
d5 d6 5. Nc3 e6 6. Bd3 Ne7 7. Nge2 O-O 8. Bg5 h6 9. Be3 f5 10. dxe6 Bxe6 11. Qd2 g5 12. exf5 Nxf5 13. h4 Re8 14. hxg5 Nxe3 15. Qxe3 Qxg5 16. Qxg5 hxg5 17. O-O-O Nc6 18. Nd5 Bxd5 19. cxd5 Nb4 20. Bh7+ Kf7 21. Nc3 Bxc3 22. bxc3 Nxa2+ 23. Kd2 Re5 24. Ra1 Rxd5+ 25.
Kc2 Re8 26. Bd3 b5 27. Bxb5 Rf5 28. f3 Rb8 29. Bc4+ d5 30. Bd3 Re5 31. Rxa2 c4 32.
Rxa7+ Kg8 33. Bh7+ Kh8 34. Bg6+ Kg8 35. Bf7+ Kg7 36.
Bxd5+ Kf6 37. Rh6+ Kf5 38. Rf7# 1-0

[Event "*** MasterClass Titled Tuesday Blitz"]
[Site "Chess.com"]
[Date "2017.09.05"]
[Round "9"]
[White "chessking2151"]
[Black "Frolik67"]
[Result "1-0"]
[WhiteElo "2356"]
[BlackElo "2495"]
[TimeControl "180+2"]
[EndTime "15:11:12 PDT"]
[Termination "chessking2151 won by checkmate"]

1. e4 e6 2. d4 d5 3. Nd2 Nf6 4. e5 Nfd7 5. f4 c5 6. Ngf3 b6 7. c3 Be7 8. Bd3 Ba6 9. Bxa6 Nxa6 10. O-O g6 11. Qe2 Nc7 12. Re1 h5 13. Nf1 b5 14.
Be3 c4 15. h3 Nb6 16. N1h2 Qd7 17. Ng5 a5 18. a3 Na4 19. Qc2 b4 20. axb4 axb4 21.
cxb4 Bxg5 22. fxg5 O-O 23. g4 h4 24. Ra2 Nb6 25. Ra5 Na6 26. Bd2 Rfb8 27. Bc3 Qe7 28. Qd2 Nc7 29. Rea1 Nd7 30. Nf3 Qd8 31. Nxh4 Nb5 32.
Nf3 Rxa5 33. Rxa5 Nf8 34. h4 Nc7 35. Qc2 Qe7 36. Qa4 Rb7 37. Qc6 Ne8 38. b5 Rc7 39. Qa6 Nd7 40. b6 Rc6 41. Rb5 Qd8 42. Ba5 Qb8 43. Qa7 Qxa7 44. bxa7 Ra6 45. Rb8 Rxa7 46.
Rxe8+ Kg7 47. Bd8 Ra1+ 48. Kg2 Ra2 49. Bf6+ Nxf6 50. gxf6+ Kh7 51. Ng5+ Kh6 52. Rh8# 1-0

[Event "*** MasterClass Titled Tuesday Blitz"]
[Site "Chess.com"]
[Date "2017.09.05"]
[Round "9"]
[White "Quiet_Desperation"]
[Black "r31415"]
[Result "1-0"]
[WhiteElo "2229"]
[BlackElo "2136"]
[TimeControl "180+2"]
[EndTime "15:11:12 PDT"]
[Termination "Quiet_Desperation won by resignation"]

1. e4 d6 2. d4 Nf6 3. Nc3 g6 4. Be3 c6 5. f3 b5 6. Qd2 Nbd7 7. O-O-O Qc7 8. g4 Nb6 9. Bd3 Bb7 10. h4 h5 11. g5 Nfd7 12. Nh3 Bg7 13. Kb1 a6 14. f4 c5 15. dxc5 dxc5 16. Nd5 Bxd5 17. exd5 Nxd5 18. Be4 Nxe3 19. Bxa8 Nxd1 20. Rxd1 Nb8 21.
f5 gxf5 22. g6 fxg6 23. Ng5 Qd6 24. Qc1 Qf6 25. Bd5 e6 26. Bxe6 Ke7 27. Re1 Rd8 28. Bc8+ Kf8 29. Nh7+ Kg8 30. Nxf6+ Bxf6 31. Be6+ Kg7 32.
Rg1 Kh7 33. Qf4 Nc6 34. Bxf5 1-0

[Event "*** MasterClass Titled Tuesday Blitz"]
[Site "Chess.com"]
[Date "2017.09.05"]
[Round "9"]
[White "HKBurwell"]
[Black "workhard91"]
[Result "1-0"]
[WhiteElo "2359"]
[BlackElo "2294"]
[TimeControl "180+2"]
[EndTime "15:11:18 PDT"]
[Termination "HKBurwell won on time"]

1. d4 Nf6 2. c4 g6 3. Nc3 Bg7 4.
e4 d6 5. h3 O-O 6. Bg5 c5 7. d5 b5 8. cxb5 a6 9. a4 Qa5 10. Bd2 Qb4 11. Bd3 c4 12. Bc2 axb5 13. Nxb5 Qc5 14. Be3 Qb4+ 15. Bd2 Qc5 16. Nf3 Bd7 17.
Be3 Qb4+ 18. Bd2 Qc5 19. Nc3 Na6 20. O-O Rfb8 21. Be3 Qc8 22. Bd4 Nb4 23. e5 Nfxd5 24. Nxd5 Nxd5 25. exd6 Bxd4 26. Qxd4 Nb4 27. Be4 Rxa4 28.
Rxa4 Bxa4 29. dxe7 Qe8 30. Ra1 Bb5 31. Ra7 Nc6 32.
Bxc6 Bxc6 33. Ne5 1-0

[Event "*** MasterClass Titled Tuesday Blitz"]
[Site "Chess.com"]
[Date "2017.09.05"]
[Round "9"]
[White "Art10ECHR"]
[Black "goingin33"]
[Result "1-0"]
[WhiteElo "2231"]
[BlackElo "2262"]
[TimeControl "180+2"]
[EndTime "15:11:19 PDT"]
[Termination "Art10ECHR won by checkmate"]

1. e4 c5 2. Nf3 Nc6 3. Bb5 d6 4. O-O Bd7 5. Re1 Nf6 6. c3 a6 7. Bf1 Bg4 8. d4 cxd4 9. cxd4 Bxf3 10. gxf3 e6 11. d5 Nb8 12. dxe6 fxe6 13. Qb3 Qd7 14.
Bh3 Kf7 15. Nc3 Nc6 16. Bg5 Nd4 17. Qd1 Nc6 18. Nd5 Be7 19. Nb6 Qc7 20. Nxa8 Rxa8 21. Rc1 e5 22. Bxf6 Bxf6 23. Qd5+ Kf8 24. Qe6 Qe7 25.
Qxe7+ Bxe7 26. Kg2 Bg5 27. Rc4 Ke7 28. Kg3 Bf4+ 29. Kg4 Rf8 30. Bf1 Rf6 31. h4 Rg6+ 32. Kh3 Rg1 33. Rd1 Rh1+ 34. Kg2 Rh2+ 35. Kg1 Rxh4 36.
Rc3 Rh6 37. Bxa6 Nd4 38. Bc4 Rg6+ 39. Kf1 Rh6 40. Ke1 b5 41. Bf1 b4 42. Rc7+ Kd8 43. Rxg7 Nxf3+ 44. Ke2 Nd4+ 45. Kd3 b3 46. axb3 Nxb3 47.
Kc3 Nc5 48. Ra1 Bd2+ 49. Kc4 d5+ 50. Kxd5 Na6 51. Rxa6 Rxa6 52. Bxa6 Be3 53. fxe3 h5 54. Ke6 h4 55. Rd7+ Ke8 56. Rh7 Kf8 57. b4 h3 58. Rxh3 Kg7 59. b5 Kg6 60. b6 Kg5 61.
b7 Kg4 62. Rh8 Kg3 63. Rf8 Kg2 64. b8=Q Kg3 65. Qe8 Kg2 66. Qg6+ Kh2 67. Rh8# 1-0

[Event "*** MasterClass Titled Tuesday Blitz"]
[Site "Chess.com"]
[Date "2017.09.05"]
[Round "9"]
[White "ViIIagra"]
[Black "danyuffa"]
[Result "1-0"]
[WhiteElo "2673"]
[BlackElo "2582"]
[TimeControl "180+2"]
[EndTime "15:11:22 PDT"]
[Termination "ViIIagra won by resignation"]

1. e4 c6 2. d4 d5 3. e5 Bf5 4.
h4 a6 5. g4 Bd7 6. Be3 h5 7.
gxh5 Bf5 8. Be2 e6 9. Nd2 Nd7 10. Nf1 c5 11. Ng3 cxd4 12. Bxd4 Bh7 13. Nf3 Ne7 14. c3 Nc6 15. Qd2 Rc8 16. Qf4 Nxd4 17.
cxd4 Qb6 18. b3 Rc2 19. Kf1 Nb8 20. Ng5 Bg8 21. Bd3 Rc3 22. Rd1 Nc6 23. Ne2 Qa5 24.
Rh3 Rxd3 25. Rhxd3 Rxh5 26. Rf3 Qxa2 27. Nxe6 Qc2 28.
Rc1 Qe4 29. Nxf8 Rxh4 30. Qxe4 dxe4 31. Rf4 Rh1+ 32. Ng1 Kxf8 33. Rxe4 f6 34. e6 Bh7 35. Re3 Rh5 36. Rc5 Rxc5 37. dxc5 Ke7 38. Ne2 Bf5 39.
Nf4 Nb4 40. Nh5 g5 41. Nxf6 Kxf6 42. e7 Bd7 43. e8=Q Bxe8 44. Rxe8 Nd3 45. Rc8 Ke5 46. c6 bxc6 47. Rxc6 Nb4 48. Rb6 a5 49. Rb5+ Kd4 50.
Rxa5 g4 51. Rg5 1-0

[Event "*** MasterClass Titled Tuesday Blitz"]
[Site "Chess.com"]
[Date "2017.09.05"]
[Round "9"]
[White "Noukii"]
[Black "temiksmozg"]
[Result "1-0"]
[WhiteElo "2661"]
[BlackElo "2451"]
[TimeControl "180+2"]
[EndTime "15:11:26 PDT"]
[Termination "Noukii won by resignation"]

1. d4 f5 2. Nc3 Nf6 3. Bg5 d5 4. Bxf6 exf6 5. e3 c6 6. Bd3 Bd6 7. Qf3 g6 8. h4 Qe7 9. h5 Rg8 10. hxg6 hxg6 11. Nge2 Nd7 12. O-O-O Nf8 13. Kb1 Ne6 14. Qh3 Ng5 15. Qh6 Qg7 16. Qxg7 Rxg7 17. Rh8+ Kf7 18. Na4 Rb8 19. c4 Ne4 20. Bxe4 fxe4 21.
cxd5 Bg4 22. Rxb8 Bxb8 23. Re1 cxd5 24. Nec3 Bd7 25. Nc5 Bc6 26. Rh1 Bd6 27. b4 b6 28.
Na6 Bb7 29. b5 Kg8 30. Kc2 Rh7 31. Rxh7 Kxh7 32. Kb3 g5 33. Nb4 Bxb4 34. Kxb4 f5 35.
a4 Kg6 36. a5 bxa5+ 37. Kxa5 f4 38. b6 axb6+ 39. Kxb6 Ba8 40. Kc5 g4 41. g3 fxe3 42.
fxe3 1-0

[Event "*** MasterClass Titled Tuesday Blitz"]
[Site "Chess.com"]
[Date "2017.09.05"]
[Round "9"]
[White "popov_m"]
[Black "Keaton87"]
[Result "1-0"]
[WhiteElo "2468"]
[BlackElo "2485"]
[TimeControl "180+2"]
[EndTime "15:11:39 PDT"]
[Termination "popov_m won by resignation"]

1. d4 Nf6 2. Bf4 g6 3. Nf3 Bg7 4. e3 O-O 5. Be2 d6 6. O-O b6 7. a4 a5 8. h3 Nbd7 9. Na3 Bb7 10. c4 Ne4 11. Nb5 e5 12. Bh2 exd4 13. exd4 Re8 14. Qc2 Ndf6 15. Rfe1 c6 16. Na3 Ba6 17. Rad1 Rc8 18.
Nd2 d5 19. Nxe4 Nxe4 20. Bg4 f5 21. Bf3 Qd7 22. Qb3 Bxc4 23. Nxc4 dxc4 24. Qxb6 Nd2 25.
Be2 Bh6 26. Be5 Qd5 27. Qb7 Rcd8 28. Rxd2 Rxe5 29. Rdd1 Re4 30. Bf1 Rxd4 31. Rxd4 Qxd4 32. Qa6 Kf8 33. Bxc4 Qxb2 34. Qa7 Qg7 35. Qc5+ 1-0

[Event "*** MasterClass Titled Tuesday Blitz"]
[Site "Chess.com"]
[Date "2017.09.05"]
[Round "9"]
[White "BIG_Pirate"]
[Black "Jahonas"]
[Result "1-0"]
[WhiteElo "2344"]
[BlackElo "2218"]
[TimeControl "180+2"]
[EndTime "15:11:39 PDT"]
[Termination "BIG_Pirate won by resignation"]

1. Nf3 d5 2. d4 Nf6 3. Bf4 g6 4. e3 Bg7 5. c4 O-O 6. Nc3 dxc4 7. Bxc4 b6 8. O-O Bb7 9. Rc1 Nbd7 10. Qb3 c5 11. Bg3 cxd4 12. Nxd4 Nh5 13. Rfd1 Nxg3 14.
hxg3 Nc5 15. Qa3 e5 16. Ne6 Qe7 17. Nxc5 bxc5 18. Bd5 Bxd5 19. Rxd5 Rab8 20. b3 Rb4 21. Na4 c4 22. Rxc4 Rfb8 23. Rxb4 Rxb4 24. Qc1 Bf8 25.
Qc8 h5 26. Nc3 h4 27. gxh4 Rxh4 28. Rd8 Kg7 29. g3 Rh8 30. Re8 Qg5 31. Qb7 Qh5 32. Qg2 Bb4 33. Rxh8 Kxh8 34. Ne4 Qd1+ 35. Qf1 Qc2 36.
Ng5 Kg7 37. Qc4 Qf5 38. Ne4 Be1 39. Kf1 Ba5 40. Kg2 Bb6 41. Qd5 Qh5 42. Nd6 g5 43. Qxe5+ f6 44. Qe7+ 1-0

[Event "*** MasterClass Titled Tuesday Blitz"]
[Site "Chess.com"]
[Date "2017.09.05"]
[Round "9"]
[White "2L8IWUN"]
[Black "PowerThinking2650"]
[Result "1/2-1/2"]
[WhiteElo "1818"]
[BlackElo "2234"]
[TimeControl "180+2"]
[EndTime "15:11:39 PDT"]
[Termination "Game drawn by repetition"]

1. d4 Nf6 2. c4 g6 3. f3 Bg7 4. e4 d6 5. Ne2 O-O 6. Be3 c5 7. Qd2 Nc6 8. d5 Ne5 9. Nec3 e6 10. Be2 exd5 11. cxd5 a6 12. a4 Bd7 13. O-O b5 14. axb5 axb5 15. Rxa8 Qxa8 16. Nxb5 Bxb5 17. Bxb5 Rb8 18.
Nc3 Qa5 19. Qe2 h5 20. h3 Ned7 21. Rc1 Nb6 22. Bc6 Qb4 23. Nb5 Nc4 24. Rxc4 Qa5 25. Nxd6 h4 26. Rxc5 Qa1+ 27. Rc1 Rxb2 28. Rxa1 Rxe2 29.
Ra8+ Kh7 30. Bf2 g5 31. Nxf7 Kg6 32. Ne5+ Kh7 33. Ng4 Nh5 34. d6 Ng3 35. d7 Bd4 36. Bxd4 Re1+ 37. Kf2 Re2+ 38. Kg1 Re1+ 39. Kf2 Re2+ 40.
Kg1 Re1+ 41. Kf2 Re2+ 42. Kg1 Re1+ 43. Kf2 Re2+ 1/2-1/2

[Event "*** MasterClass Titled Tuesday Blitz"]
[Site "Chess.com"]
[Date "2017.09.05"]
[Round "9"]
[White "nonscitis"]
[Black "manubibi"]
[Result "0-1"]
[WhiteElo "2419"]
[BlackElo "2439"]
[TimeControl "180+2"]
[EndTime "15:11:43 PDT"]
[Termination "manubibi won by resignation"]

1. e4 c5 2. Nf3 d6 3. d4 cxd4 4.
Nxd4 Nf6 5. Nc3 a6 6. Bg5 Nbd7 7. f4 h6 8. Bh4 e5 9. fxe5 dxe5 10. Nb3 Qc7 11.
Bd3 g6 12. O-O Bg7 13. Nd5 Nxd5 14. exd5 O-O 15. Be7 Re8 16. d6 Qb6+ 17. Kh1 Nf8 18. c4 Be6 19. c5 Qc6 20. Rc1 e4 21. Bc4 Bxb2 22. Bxe6 Nxe6 23. Rc2 Bg7 24. Qg4 h5 25.
Qh3 f5 26. Qg3 Kh7 27. Rcf2 Qd7 28. Rxf5 gxf5 29. Rxf5 Rxe7 30. Rxh5+ Kg8 31. Qg6 Nf8 32. Qg3 Rf7 33. h3 Rf5 34. Rh4 Rf1+ 35. Kh2 Qf7 36. Rg4 Nh7 37. Nd4 Nf6 38. Rg5 Nh5 39. Rxh5 Qxh5 40.
Ne6 Qe5 41. Nxg7 Qxg3+ 0-1

[Event "*** MasterClass Titled Tuesday Blitz"]
[Site "Chess.com"]
[Date "2017.09.05"]
[Round "9"]
[White "HanSchut"]
[Black "Bad4life"]
[Result "1-0"]
[WhiteElo "2331"]
[BlackElo "2160"]
[TimeControl "180+2"]
[EndTime "15:11:43 PDT"]
[Termination "HanSchut won by checkmate"]

1. e4 c5 2. Nf3 d6 3. d4 cxd4 4. Nxd4 Nf6 5. Nc3 g6 6. Be3 Bg7 7. f3 O-O 8. Qd2 Nc6 9. O-O-O d5 10. Kb1 Rb8 11. h4 Bd7 12. exd5 Nb4 13. h5 Nbxd5 14. Nxd5 Nxd5 15. Bh6 Be5 16. Bxf8 Qxf8 17. hxg6 hxg6 18. Bc4 Nb6 19. Bb3 Rd8 20. Qg5 Qg7 21. c3 Bf6 22. Qg3 a5 23. a3 a4 24. Bc2 Rc8 25. f4 Nc4 26. f5 g5 27. Rh5 b5 28. Rdh1 Nd2+ 29.
Ka1 Bxd4 30. cxd4 f6 31. Qh3 Rxc2 32. Rh8+ Kf7 33. Qh5+ Qg6 34. Qxg6# 1-0

[Event "*** MasterClass Titled Tuesday Blitz"]
[Site "Chess.com"]
[Date "2017.09.05"]
[Round "9"]
[White "Saitama_Hero"]
[Black "mwpchess"]
[Result "0-1"]
[WhiteElo "2307"]
[BlackElo "2428"]
[TimeControl "180+2"]
[EndTime "15:12:05 PDT"]
[Termination "mwpchess won on time"]

1. e4 e6 2. Qe2 e5 3. f4 exf4 4. d4 Nc6 5. Nf3 g5 6. d5 Nb4 7. a3 Na6 8. Nc3 Bg7 9. Bd2 Qe7 10.
O-O-O d6 11. Qf2 Bd7 12. h4 h6 13. Nd4 Nc5 14. Bb5 a6 15. Nf5 Qf6 16. Bxd7+ Nxd7 17. g3 Ne7 18. Nxg7+ Qxg7 19. gxf4 g4 20. h5 f5 21. Be3 Rf8 22. Bd4 Qf7 23. e5 Qg8 24. Rhe1 dxe5 25. fxe5 O-O-O 26. e6 Nf6 27. Bc5 g3 28. Qf4 Nexd5 29.
Nxd5 Nxd5 30. Qxh6 Rf6 31. Qd2 Rxe6 32. Rxe6 Qxe6 33. c4 Qc6 34. b4 Qa4 35. Kb2 f4 36.
cxd5 f3 37. d6 b6 38. Bxb6 Rxd6 39. Qc2 Qxc2+ 40. Kxc2 Rxb6 0-1

[Event "*** MasterClass Titled Tuesday Blitz"]
[Site "Chess.com"]
[Date "2017.09.05"]
[Round "9"]
[White "SavelijTartakover"]
[Black "Blitzstream"]
[Result "0-1"]
[WhiteElo "2529"]
[BlackElo "2493"]
[TimeControl "180+2"]
[EndTime "15:12:16 PDT"]
[Termination "Blitzstream won by resignation"]

1. d4 Nf6 2. Bg5 Ne4 3. Bf4 d5 4. e3 c5 5. Bd3 Qb6 6. Bxe4 dxe4 7. Nc3 cxd4 8. Qxd4 Qxd4 9. exd4 Bf5 10. Nge2 Bg6 11.
d5 Na6 12. O-O-O O-O-O 13. h4 h6 14. Be3 b6 15. Nf4 Bf5 16. h5 Nc7 17. Rd4 e5 18. dxe6 Rxd4 19. Bxd4 Bd6 20. Rh4 f6 21. Ng6 Re8 22.
Nxe4 Bxe4 23. Rxe4 Rxe6 24. Rxe6 Nxe6 25. Be3 f5 26. g3 Kd7 27. Kd1 Kc6 28. Nh4 f4 29. gxf4 Bxf4 30. Ke2 Kd5 31. Kf3 Bxe3 32. Kxe3 Ke5 33.
c4 Kf6 34. Nf3 Kf5 35. Nd4+ Nxd4 36. Kxd4 g6 37. hxg6 Kxg6 38. b4 Kf5 39. Ke3 h5 40. f4 h4 41. Kf3 h3 42. a4 h2 43. Kg2 Kxf4 44. c5 bxc5 45. b5 c4 46. a5 c3 47.
b6 axb6 48. axb6 c2 49. b7 h1=Q+ 0-1

[Event "*** MasterClass Titled Tuesday Blitz"]
[Site "Chess.com"]
[Date "2017.09.05"]
[Round "9"]
[White "michaelq2d5"]
[Black "jk13"]
[Result "1-0"]
[WhiteElo "2625"]
[BlackElo "2430"]
[TimeControl "180+2"]
[EndTime "15:12:24 PDT"]
[Termination "michaelq2d5 won by checkmate"]

1. c4 e6 2. Nc3 Bb4 3. Nf3 Nf6 4.
e3 O-O 5. d4 d5 6. Bd3 c5 7. O-O dxc4 8. Bxc4 Nbd7 9. Qe2 cxd4 10. exd4 Bxc3 11. bxc3 Qc7 12. Bg5 b6 13. Rac1 Bb7 14.
Bd3 Ng4 15. Be4 Bxe4 16. Qxe4 Ngf6 17. Qe2 Rac8 18. c4 h6 19. Bh4 Qf4 20. Rfe1 Rfe8 21. Bg3 Qf5 22. h3 Rc6 23. Qe3 Rec8 24. Nd2 Qa5 25.
Rc2 Qa4 26. Rec1 Qa5 27. Nf3 Qa4 28. Qe2 Nd5 29. a3 b5 30. c5 Qxa3 31. Qxb5 N7f6 32. Ne5 R6c7 33. Nc4 Qd3 34. Bxc7 Rxc7 35. Qb8+ Kh7 36.
Rd2 Qg6 37. Ne5 Qg5 38. Qb1+ g6 39. Nf3 Qf4 40. Re1 Nc3 41. Qb8 Ncd5 42. Rb2 Qf5 43.
Qf8 g5 44. Ne5 Ne4 45. Rxe4 Qxe4 46. Rb8 Qe1+ 47. Kh2 f6 48. Qh8# 1-0

[Event "*** MasterClass Titled Tuesday Blitz"]
[Site "Chess.com"]
[Date "2017.09.05"]
[Round "9"]
[White "ChessQueen"]
[Black "ALeks_Ivlev"]
[Result "1-0"]
[WhiteElo "2601"]
[BlackElo "2444"]
[TimeControl "180+2"]
[EndTime "15:12:27 PDT"]
[Termination "ChessQueen won by resignation"]

1. e4 e5 2. Nf3 Nc6 3. Bc4 Bc5 4. c3 Nf6 5. d4 exd4 6. cxd4 Bb4+ 7. Bd2 Nxe4 8.
Bxb4 Nxb4 9. Bxf7+ Kxf7 10. Qb3+ d5 11. Qxb4 Re8 12. O-O Kg8 13. Nc3 Ng5 14. Ne5 c6 15. f4 Nf7 16. Na4 Qc7 17. Rac1 Bf5 18. Rf3 Nd6 19. Nc3 Be4 20. Rf2 a5 21. Qb3 Kh8 22. Nxd5 Qd8 23. Nc3 Bf5 24. d5 c5 25. Re1 Kg8 26. Rfe2 Qc7 27. Nb5 Nxb5 28. Qxb5 Rf8 29. Rc1 b6 30. Qc6 Qa7 31. d6 Be6 32. d7 Bxa2 33. Rd2 Rad8 34. Qd6 Qb7 35. Nc6 Bf7 36.
Nxd8 Rxd8 37. Qe7 Qc7 38. Re1 h5 39. Re5 c4 40. Rg5 c3 41. bxc3 b5 42. Qf6 g6 43.
Re5 b4 44. Re7 Qc5+ 45. Rd4 Rf8 46. d8=Q Qxc3 47. Qxf7+ 1-0

[Event "*** MasterClass Titled Tuesday Blitz"]
[Site "Chess.com"]
[Date "2017.09.05"]
[Round "9"]
[White "Bengalas"]
[Black "W_Amadeus"]
[Result "1-0"]
[WhiteElo "2511"]
[BlackElo "2392"]
[TimeControl "180+2"]
[EndTime "15:12:30 PDT"]
[Termination "Bengalas won by resignation"]

1. d4 d5 2. c4 c6 3. Nf3 Nf6 4. Nc3 e6 5. Bg5 h6 6. Bxf6 Qxf6 7. e3 g6 8. Bd3 Bg7 9. O-O O-O 10. Re1 dxc4 11.
Bxc4 Nd7 12. e4 e5 13. d5 Nb6 14. Bb3 Bg4 15. Re3 Rad8 16. h3 Bd7 17. Rd3 cxd5 18.
Nxd5 Nxd5 19. Bxd5 Bc6 20. Rc1 Bxd5 21. Rxd5 Rxd5 22. Qxd5 Rd8 23. Qxb7 Kh7 24. Qxa7 h5 25. Qa4 g5 26. Rd1 Rb8 27. Qc2 g4 28. hxg4 hxg4 29. Nh2 g3 30. Nf3 Qb6 31. b3 Bf8 32. Kf1 Rc8 33.
Qe2 f6 34. fxg3 Rc3 35. Qd2 Re3 36. Re1 Rxe1+ 37. Qxe1 Bb4 38. Qe2 Qc5 39. Qd1 Qe3 40. Qc2 Bc5 41. a4 Bb6 42. b4 Ba7 43. a5 f5 44. b5 fxe4 45. Qxe4+ Qxe4 46. Ng5+ Kg6 47. Nxe4 Kf5 48. b6 1-0